 Dungeon Crawl Stone Soup version 0.25-a0-992-gca090100c3 (webtiles) character file.

Game seed: 13226990197568688242, levelgen mode: deterministic

179048 Flugslaktarn the Severer (level 17, -2/145 HPs)
             Began as a Deep Dwarf Fighter on May 11, 2020.
             Was the Champion of Makhleb.
             Slain by an acid blob (25 damage)
             ... on level 1 of the Pits of Slime.
             The game lasted 00:15:19 (16251 turns).

Flugslaktarn the Severer (Deep Dwarf Fighter)      Turns: 16251, Time: 00:15:19

Health: -2/145     AC:  0    Str: 22    XL:     17   Next: 0%
Magic:  8/8        EV: 18    Int: 10    God:    Makhleb [******]
Gold:   2084       SH: 13    Dex: 14    Spells: 16/16 levels left

rFire    + . .     SeeInvis .   p - +1 broad axe (protect)
rCold    + . .     Gourm    .   C - +0 kite shield
rNeg     + . .     Faith    +   i - +8 plate armour of Lethargy {*Corrode rElec rPois Dex-4}
rPois    +         Spirit   .   (helmet restricted)
rElec    +         Reflect  .   L - scarf {cloud immunity}
rCorr    .         Harm     .   (no gloves)
MR       ++...                  O - +2 pair of boots
Stlth    ..........             A - amulet of faith
HPRegen  0.00/turn              v - +6 ring of evasion
MPRegen  0.11/turn              c - ring of protection from cold

@: corroded, non-regenerating
A: damage resistance, heal wounds, beak, horns 1, repulsion field 1, agile 1,
blink, blurry vision 1, fire resistance 1, frail 1, negative energy resistance
1, sense surroundings 2, subdued magic 1, no regeneration
}: 2/15 runes: decaying, serpentine
a: Heal Wounds, Blink, Minor Destruction, Lesser Servant of Makhleb, Major
Destruction, Greater Servant of Makhleb, Renounce Religion


You were on level 1 of the Pits of Slime.
You worshipped Makhleb.
Makhleb was exalted by your worship.
You were not hungry.

You visited 6 branches of the dungeon, and saw 32 of its levels.
You also visited: Ice Cave.

You collected 2144 gold pieces.
You spent 60 gold pieces at shops.

Inventory:

Hand Weapons
 l - a +7 battleaxe
   (You took it off a wight on level 7 of the Dungeon)
 p - a +1 broad axe of protection (weapon)
   (You took it off a death knight on level 6 of the Dungeon)
Missiles
 s - 4 throwing nets (quivered)
Armour
 a - the +4 pair of boots "Bikaamio" {*Corrode rElec Dex+9 Slay-5}
   (You found it on level 13 of the Dungeon)

   It affects your dexterity (+9).
   It affects your accuracy and damage with ranged weapons and melee attacks
   (-5).
   It insulates you from electricity.
   It may corrode you when you take damage.
 i - the +8 plate armour of Lethargy (worn) {*Corrode rElec rPois Dex-4}
   (You found it on level 4 of the Dungeon)

   It affects your dexterity (-4).
   It insulates you from electricity.
   It protects you from poison.
   It may corrode you when you take damage.
 C - a +0 kite shield (worn)
 L - a scarf of cloud immunity (worn)
   (You found it on level 11 of the Dungeon)
 M - a +1 helmet
   (You found it on level 15 of the Dungeon)
 O - a +2 pair of boots (worn)
   (You found it on level 5 of the Dungeon)
 T - the +6 plate armour "Aghy Oxi" {Int+4}
   (You found it on level 15 of the Dungeon)

   It affects your intelligence (+4).
Jewellery
 c - a ring of protection from cold (right hand)
   (You found it on level 9 of the Dungeon)
 k - an uncursed ring of resist corrosion
   (You found it on level 8 of the Dungeon)
 o - an uncursed ring of poison resistance
   (You found it in an ice cave)
 v - a +6 ring of evasion (left hand)
   (You found it on level 14 of the Dungeon)
 A - an amulet of faith (around neck)
   (You found it on level 6 of the Dungeon)
 J - an uncursed ring of ice
   (You found it on level 6 of the Lair of Beasts)
Wands
 m - a wand of iceblast (48)
   (You found it on level 8 of the Dungeon)
 D - a wand of acid (10)
   (You found it on level 1 of the Lair of Beasts)
 G - a wand of paralysis (19)
   (You found it on level 7 of the Dungeon)
 R - a wand of digging (3)
   (You found it on level 3 of the Lair of Beasts)
Scrolls
 j - 4 scrolls of magic mapping
 r - 7 scrolls of identify
 t - 6 scrolls of teleportation
 u - 2 scrolls of immolation
 x - 11 scrolls of remove curse
 z - a scroll of acquirement {unknown}
 B - 4 scrolls of fear
 N - 3 scrolls of fog
 P - a scroll of random uselessness {unknown}
Potions
 b - 3 potions of lignification
 d - 3 potions of might
 f - 2 potions of flight
 h - 2 potions of haste
 n - 4 potions of resistance
 q - 7 potions of curing
 w - 8 potions of heal wounds
 y - 2 potions of invisibility
 F - a potion of cancellation
 I - 2 potions of berserk rage
 K - 2 potions of ambrosia
 S - a potion of magic {unknown}
Miscellaneous
 g - a phial of floods
   (You found it on level 9 of the Dungeon)
Comestibles
 e - 40 rations


   Skills:
 + Level 12.8 Fighting
 - Level 18.0 Axes
 + Level 14.8 Armour
 - Level 5.9 Dodging
 + Level 13.4 Shields
 - Level 15.0 Invocations


You had 16 spell levels left.
You didn't know any spells.
Your spell library was empty.

Dungeon Overview and Level Annotations

Branches:
Dungeon (15/15)            Temple (1/1) D:5            Lair (6/6) D:8
  Swamp (4/4) Lair:2        Snake (4/4) Lair:4        Slime (2/5) Lair:6
 Depths (0/5) D:15          IceCv (visited)
    Orc: D:9-12      Vaults: D:13-14

Altars:
Cheibriados
Fedhas
Gozag
Makhleb
Okawaru
Sif Muna
Trog
Vehumet
Xom
Yredelemnul
Zin

Shops:
D:4 %*[(   D:7 !   D:11 %   D:15 }   Snake:1 ?

Annotations:
D:6 4 runed translucent doors
D:13 1 runed translucent door, Koaxihic's ghost, journeyman GrAM
Snake:1 1 transporter


Innate Abilities, Weirdness & Mutations

You are resistant to damage.
You can heal yourself by infusing magical energy.
You resist negative energy. (rN+)
You passively map the area around you.
You do not regenerate.
You have a beak for a mouth.
You have a pair of small horns on your head.
You are surrounded by a mild repulsion field. (EV +2)
You are agile. (Dex +2)
You can translocate small distances at will.
Scrolls take you a little longer to read.
Your flesh is heat resistant. (rF+)
You are frail. (-10% HP)
Your spells are a little easier to cast, but a little less powerful.


Message History

* * * LOW HITPOINT WARNING * * *
The acid corrodes you!
You are splashed with acid!
* * * LOW HITPOINT WARNING * * *
The acid blob hits you but does no damage.
There is a stone staircase leading up here.
The slime creature misses you. The acid blob spits acid at you.
The splash of acid misses you.
You climb upwards.
There is a stone staircase leading down, spattered with blood here.
Unknown command.
Unknown command.
You feel much better. The slime creature hits you.
* * * LOW HITPOINT WARNING * * *
The acid blob hits you!!
* * * LOW HITPOINT WARNING * * *
You are splashed with acid.
* * * LOW HITPOINT WARNING * * *
You feel much better. The acid blob hits you!!
You die...

#..................... ,
...#..<......#........,,
..............#........,
,
,.............#.........
, .#............#
.......,,,, ,, ,,
##..........###....... ,
,
............#.........,,
, ,
..............J.....>..
..............@J.......
...................... ,
,
,,,.....#.........#.....
, ,
*.................... ,
,, *
,...................., ,
,............#..... , ,,
.................# * ,
,...............# ,
............#.#


You could see an acid blob and a slime creature.

Vanquished Creatures
  An acid blob (Slime:1)
  A fire giant (D:14)
  3 nagarajas
  An azure jelly (Slime:1)
  Nessos (Lair:5)
  A vampire knight (Swamp:4)
  2 ettins (D:14)
  Josephine (D:12)
  A yaktaur captain (D:15)
  A great orb of eyes (Slime:1)
  13 naga warriors
  3 hydras
  A shambling mangrove (Swamp:3)
  Harold (Lair:2)
  2 ghost crabs
  3 anacondas
  An ogre mage (D:15)
  A death knight (D:6)
  4 centaur warriors
  12 alligators
  7 two-headed ogres
  2 tengu warriors (D:13)
  A deep troll earth mage (D:14)
  10 naga sharpshooters
  An orc high priest (D:15)
  Sonja (Lair:5)
  A salamander mystic (Snake:2)
  A deep troll (D:15)
  2 flayed ghosts (Swamp:4)
  A spriggan druid (Swamp:4)
  A wizard (D:15)
  A phantasmal warrior (Swamp:4)
  A spectral hydra (Swamp:4)
  8 swamp dragons
  2 naga ritualists
  2 lindwurms (Lair:6)
  An orc knight (D:15)
  An orc sorcerer (D:15)
  10 ugly things
  A shining eye (Slime:1)
  4 salamanders
  A wolf spider (Lair:6)
  A deep elf mage (D:15)
  4 mana vipers
  2 manticores (D:15)
  3 cyclopes
  3 ice statues (IceCv)
  17 black mambas
  4 guardian serpents
  4 elephants (Lair:6)
  Joseph (Lair:1)
  18 naga magi
  4 torpor snails (Lair:6)
  3 kobold demonologists (D:15)
  5 orange demons (D:10)
  8 spiny frogs
  7 komodo dragons
  2 rime drakes
  2 freezing wraiths (D:15)
  3 red devils (D:10)
  A death drake zombie (Swamp:4)
  A tengu conjurer (D:13)
  4 tyrant leeches
  7 hornets
  13 polar bears
  2 hydra zombies (Swamp:4)
  4 bog bodies
  3 hippogriffs
  A raiju (Lair:6)
  12 blink frogs
  A death drake skeleton (Swamp:4)
  9 slime creatures
  A spriggan (Lair:5)
  6 wraiths
  4 wyverns
  12 yaks
  Eustachio (D:5)
  A basilisk (Lair:3)
  7 vampire mosquitoes
  3 golden eyes
  6 wargs (Lair:6)
  3 hydra simulacra (Swamp:4)
  Edmund (D:4)
  4 swamp worms
  2 insubstantial wisps (Swamp:4)
  30 nagas
  A soldier ant (D:11)
  8 water moccasins
  2 acid dragons
  14 hell hounds (Lair:6)
  8 porcupines
  4 sky beasts
  6 swamp drakes
  10 ice beasts
  A hornet zombie (D:14)
  3 orc warriors
  A phantom (D:5)
  2 swamp dragon zombies (Swamp:4)
  An eye of draining (D:15)
  8 ogres
  13 black bears
  2 necrophages
  50 wolves
  8 centaurs
  13 crocodiles
  3 big kobolds
  Blork the orc (D:4)
  18 bullfrogs
  A wyvern zombie (D:5)
  A scorpion (D:6)
  8 killer bees
  8 wights (D:7)
  13 electric eels
  4 howler monkeys
  5 crimson imps
  2 centaur zombies
  7 hounds
  2 bullfrog zombies
  8 orc priests
  2 jellies
  6 orc wizards
  2 iguanas
  A centaur skeleton (D:9)
  4 worker ants
  2 worker ant zombies
  2 gnolls (D:6)
  4 adders
  4 shadow imps
  12 white imps (D:11)
  An ooze (D:6)
  2 adder skeletons
  A worm (D:5)
  A leopard gecko (D:3)
  28 orcs
  A ball python (D:6)
  2 giant cockroaches
  A goblin (D:1)
  4 jackals
  12 kobolds
  5 quokkas
  3 bats
  2 quokka skeletons (D:5)
  4 fungi
  4 plants
690 creatures vanquished.

Vanquished Creatures (collateral kills)
  3 nagarajas (Snake:4)
  Aizul (Snake:4)
  2 hydra zombies (Swamp:4)
  A vampire knight (Swamp:4)
  An ice dragon (Lair:6)
  2 naga warriors (Snake:4)
  An anaconda (Snake:4)
  5 hydras
  3 centaur warriors
  An alligator (Swamp:4)
  A shambling mangrove (Swamp:4)
  A slime creature (Swamp:2)
  A naga sharpshooter (Snake:4)
  2 swamp dragons (Swamp:4)
  A spectral hydra (Swamp:4)
  A phantasmal warrior (Swamp:4)
  A wolf spider (D:15)
  4 naga magi (Snake:4)
  2 black mambas (Snake:4)
  A torpor snail (Lair:6)
  A tyrant leech (Swamp:2)
  A death drake zombie (Swamp:4)
  4 hornets
  A bog body (Swamp:2)
  A basilisk (D:15)
  A swamp worm (Swamp:4)
  An insubstantial wisp (Swamp:4)
  8 nagas (Snake:4)
  A hydra simulacrum (Swamp:4)
  2 swamp drakes (Swamp:4)
  A swamp dragon zombie (Swamp:4)
57 creatures vanquished.

Vanquished Creatures (others)
  An alligator (Swamp:2)
  A naga (Snake:1)
  6 fungi
  13 plants
21 creatures vanquished.

Grand Total: 768 creatures vanquished

Notes
Turn   | Place    | Note
-------+----------+-------------------------------------------
     0 | D:1      | Flugslaktarn the Deep Dwarf Fighter began the quest for the
                  | Orb.
     0 | D:1      | Reached XP level 1. HP: 20/20 MP: 1/1
    68 | D:2      | Reached XP level 2. HP: 25/27 MP: 2/2
   176 | D:4      | Reached skill level 3 in Axes
   176 | D:4      | Reached XP level 3. HP: 19/34 MP: 2/2
   181 | D:4      | Got a transparent plate armour
   193 | D:4      | Identified the +8 plate armour of Lethargy {*Corrode rElec
                  | rPois Dex-4} (You found it on level 4 of the Dungeon)
   217 | D:4      | Noticed Blork the orc
   222 | D:4      | Killed Blork the orc
   222 | D:4      | Reached XP level 4. HP: 40/42 MP: 3/3
   241 | D:4      | Found Coblenuph's General Store.
   241 | D:4      | Found Oliegg's Food Shop.
   274 | D:4      | Found Lesop's Armour Boutique.
   293 | D:4      | Noticed an ogre
   317 | D:4      | Reached skill level 4 in Axes
   317 | D:4      | Reached XP level 5. HP: 41/49 MP: 4/4
   321 | D:4      | Killed an ogre
   339 | D:4      | Noticed an ogre
   340 | D:4      | Noticed a sky beast
   344 | D:4      | Killed an ogre
   344 | D:4      | Reached XP level 6. HP: 43/57 MP: 5/5
   362 | D:4      | Killed a sky beast
   362 | D:4      | Reached skill level 5 in Axes
   380 | D:4      | Found Geoptuug's Weapon Emporium.
   484 | D:4      | Noticed Edmund
   512 | D:4      | Killed Edmund
   512 | D:4      | Reached XP level 7. HP: 59/64 MP: 6/6
   513 | D:4      | You fall into a shaft and drop 3 floors!
   541 | D:7      | Reached skill level 5 in Armour
   541 | D:7      | Reached skill level 5 in Shields
   563 | D:7      | Reached skill level 6 in Axes
   675 | D:7      | Found Zoruz's Distillery.
   677 | D:7      | Reached XP level 8. HP: 55/73 MP: 7/7
   733 | D:6      | Noticed a tengu warrior
   734 | D:6      | Found a large runed translucent door.
   734 | D:6      | Found a large runed translucent door.
   738 | D:6      | Found a large runed translucent door.
   738 | D:6      | Found a large runed translucent door.
   755 | D:6      | Reached skill level 7 in Axes
   774 | D:6      | Reached skill level 5 in Fighting
   938 | D:5      | Entered Level 5 of the Dungeon
   992 | D:5      | Reached skill level 8 in Axes
  1035 | D:4      | Found a blossoming altar of Fedhas.
  1237 | D:5      | Found a staircase to the Ecumenical Temple.
  1277 | Temple   | Entered the Ecumenical Temple
  1395 | Temple   | Became a worshipper of Makhleb the Destroyer
  1713 | D:5      | Found a glowing silver altar of Zin.
  1803 | D:5      | Noticed Eustachio
  1805 | D:5      | Found a snail-covered altar of Cheibriados.
  1819 | D:5      | Killed Eustachio
  1819 | D:5      | Reached skill level 1 in Invocations
  1859 | D:5      | Reached skill level 1 in Dodging
  2007 | D:5      | Gained mutation: You passively map the area around you.
                  | [Deep Dwarf growth]
  2007 | D:5      | Reached XP level 9. HP: 58/81 MP: 7/7
  2018 | D:5      | Found an opulent altar of Gozag.
  2437 | D:6      | Reached skill level 9 in Axes
  2451 | D:6      | Noticed a death knight
  2497 | D:6      | Killed a death knight
  2497 | D:6      | Reached * piety under Makhleb
  3339 | D:7      | Reached skill level 10 in Axes
  3562 | D:8      | Reached XP level 10. HP: 83/92 MP: 10/10
  3662 | D:8      | Reached ** piety under Makhleb
  3808 | D:8      | Found a staircase to the Lair.
  3939 | D:8      | Reached skill level 5 in Invocations
  4235 | Lair:1   | Entered Level 1 of the Lair of Beasts
  4449 | Lair:1   | Noticed Joseph
  4460 | Lair:1   | Killed Joseph
  4665 | Lair:1   | Reached skill level 11 in Axes
  4675 | Lair:1   | Reached skill level 5 in Dodging
  5090 | Lair:2   | Found a staircase to the Swamp.
  5098 | Lair:2   | Reached XP level 11. HP: 83/100 MP: 13/13
  5123 | Lair:2   | Reached *** piety under Makhleb
  5229 | Lair:2   | Noticed Harold
  5258 | Lair:2   | Killed Harold
  5457 | Lair:2   | Reached skill level 12 in Axes
  6357 | Lair:3   | Got a warped hand axe
  6358 | Lair:3   | Identified the cursed +1 hand axe of Causality {vamp,
                  | +Blink rPois rN++ MR-} (You found it on level 3 of the Lair
                  | of Beasts)
  6840 | Lair:4   | Reached **** piety under Makhleb
  6963 | Lair:4   | Found a staircase to the Snake Pit.
  7521 | Lair:5   | Reached XP level 12. HP: 111/111 MP: 13/13
  7537 | Lair:5   | Noticed Nessos
  7552 | Lair:5   | Reached skill level 13 in Axes
  7564 | Lair:5   | Reached ***** piety under Makhleb
  7571 | Lair:5   | Reached skill level 10 in Armour
  7578 | Lair:5   | Killed Nessos
  7667 | Lair:5   | Noticed Sonja
  7681 | Lair:5   | Killed Sonja
  7863 | Lair:5   | Gained mutation: You are clumsy. (Dex -2) [potion of
                  | mutation]
  7863 | Lair:5   | Gained mutation: You have very sharp teeth. [potion of
                  | mutation]
  7887 | Lair:5   | Lost mutation: You have very sharp teeth. [potion of
                  | mutation]
  7887 | Lair:5   | Lost mutation: You are clumsy. (Dex -2) [potion of
                  | mutation]
  7887 | Lair:5   | Gained mutation: Your body sometimes deteriorates upon
                  | taking damage. [potion of mutation]
  7887 | Lair:5   | Gained mutation: You can translocate small distances at
                  | will. [potion of mutation]
  8354 | Lair:6   | Entered Level 6 of the Lair of Beasts
  8485 | Lair:6   | Noticed a five-headed hydra
  8487 | Lair:6   | Reached skill level 10 in Invocations
  8500 | Lair:6   | Reached skill level 14 in Axes
  8519 | Lair:6   | Killed a 15-headed hydra
  8592 | Lair:6   | Found a runed translucent door.
  8592 | Lair:6   | Noticed an ice dragon
  8622 | Lair:6   | Killed an ice dragon
  8714 | Lair:6   | Reached XP level 13. HP: 51/121 MP: 14/14
  8978 | Lair:6   | Found a staircase to the Slime Pits.
  9187 | Lair:6   | Reached ****** piety under Makhleb
  9345 | Lair:6   | Reached skill level 15 in Axes
 10177 | D:10     | Entered Level 10 of the Dungeon
 10316 | D:10     | You fall into a shaft and drop 2 floors!
 10568 | D:11     | Found a frozen archway.
 10599 | D:11     | Lost mutation: Your body sometimes deteriorates upon taking
                  | damage. [potion of mutation]
 10599 | D:11     | Gained mutation: You have a beak for a mouth. [potion of
                  | mutation]
 10599 | D:11     | Gained mutation: Your spells are a little easier to cast,
                  | but a little less powerful. [potion of mutation]
 10599 | D:11     | Gained mutation: Your flesh is heat resistant. (rF+)
                  | [potion of mutation]
 10610 | IceCv    | Entered an ice cave
 10626 | IceCv    | Reached skill level 10 in Fighting
 10967 | D:11     | Found Ratt's Food Shoppe.
 11000 | D:10     | Found a basalt altar of Yredelemnul.
 11047 | D:10     | Gained mutation: You resist negative energy. (rN+) [Deep
                  | Dwarf growth]
 11047 | D:10     | Reached XP level 14. HP: 89/132 MP: 14/14
 11375 | D:12     | Noticed Josephine
 11394 | D:12     | Killed Josephine
 11528 | D:13     | Reached skill level 10 in Shields
 11534 | D:13     | Found a runed translucent door.
 11535 | D:13     | Found a shimmering altar of Xom.
 11535 | D:13     | Noticed Koaxihic's ghost (journeyman GrAM)
 11542 | D:13     | Got a pair of translucent boots
 11553 | D:13     | Identified the +4 pair of boots "Bikaamio" {*Corrode rElec
                  | Dex+9 Slay-5} (You found it on level 13 of the Dungeon)
 11814 | D:14     | Noticed a fire giant
 11834 | D:14     | Reached skill level 16 in Axes
 11859 | D:14     | Killed a fire giant
 11983 | D:15     | Entered Level 15 of the Dungeon
 12424 | D:15     | Got a spiked plate armour
 12435 | D:15     | Identified the +6 plate armour "Aghy Oxi" {Int+4} (You
                  | found it on level 15 of the Dungeon)
 12670 | D:15     | Found Anioprag's Gadget Boutique.
 12959 | D:15     | Found a staircase to the Depths.
 12982 | D:15     | Reached XP level 15. HP: 140/140 MP: 15/15
 13461 | Snake:1  | Entered Level 1 of the Snake Pit
 13612 | Snake:1  | Reached skill level 17 in Axes
 13679 | Snake:1  | Found a transporter.
 13710 | Snake:1  | Found Juipsatwess's Magic Scroll Boutique.
 13716 | Snake:1  | Bought a scroll of fog for 30 gold pieces
 13716 | Snake:1  | Bought a scroll of fog for 30 gold pieces
 14162 | Snake:2  | Noticed a nagaraja
 14193 | Snake:3  | Noticed a nagaraja
 14195 | Snake:3  | Noticed a nagaraja
 14218 | Snake:3  | Killed a nagaraja
 14305 | Snake:4  | Entered Level 4 of the Snake Pit
 14357 | Snake:4  | Noticed Aizul
 14381 | Snake:4  | Killed Aizul
 14442 | Snake:4  | Found a radiant altar of Vehumet.
 14499 | Snake:4  | Noticed a nagaraja
 14509 | Snake:4  | Killed a nagaraja
 14675 | Snake:4  | Noticed a nagaraja
 14687 | Snake:4  | Killed a nagaraja
 14699 | Snake:4  | Noticed a nagaraja
 14714 | Snake:4  | Noticed a nagaraja
 14718 | Snake:4  | Noticed a nagaraja
 14719 | Snake:4  | Killed a nagaraja
 14729 | Snake:4  | Reached XP level 16. HP: 143/151 MP: 10/10
 14737 | Snake:4  | Reached skill level 18 in Axes
 14765 | Snake:4  | Got a serpentine rune of Zot
 15038 | Swamp:1  | Entered Level 1 of the Swamp
 15492 | Swamp:4  | Entered Level 4 of the Swamp
 15630 | Swamp:4  | Reached skill level 15 in Invocations
 15866 | Swamp:4  | Found a basalt altar of Yredelemnul.
 15932 | Swamp:4  | Got a decaying rune of Zot
 16126 | Slime:1  | Entered Level 1 of the Pits of Slime
 16137 | Slime:2  | Noticed an acid blob
 16153 | Slime:1  | HP: 2/154 [acid (8)]
 16153 | Slime:1  | Gained mutation: Scrolls take you a little longer to read.
                  | [a shining eye]
 16155 | Slime:1  | Gained mutation: Your spells are easier to cast, but less
                  | powerful. [a shining eye]
 16158 | Slime:1  | Gained mutation: You are surrounded by a mild repulsion
                  | field. (EV +2) [a shining eye]
 16160 | Slime:1  | Gained mutation: You are frail. (-10% HP) [a shining eye]
 16162 | Slime:1  | Gained mutation: You are clumsy. (Dex -2) [a shining eye]
 16164 | Slime:1  | Killed an acid blob
 16191 | Slime:1  | Lost mutation: You are clumsy. (Dex -2) [potion of
                  | mutation]
 16191 | Slime:1  | Lost mutation: Your spells are easier to cast, but less
                  | powerful. [potion of mutation]
 16191 | Slime:1  | Gained mutation: You are agile. (Dex +2) [potion of
                  | mutation]
 16191 | Slime:1  | Gained mutation: You have a pair of small horns on your
                  | head. [potion of mutation]
 16224 | Slime:2  | Noticed an acid blob
 16231 | Slime:2  | Reached XP level 17. HP: 133/145 MP: 8/8
 16240 | Slime:2  | Noticed an acid blob
 16250 | Slime:1  | HP: 5/145 [acid (5)]
 16251 | Slime:1  | Slain by an acid blob

Illustrated notes

Levels and vault maps discovered:
D:1:      scummos_arrival_hexagon, layout_basic, interstate_on_off
D:2:      layout_rooms, serial_forest, infiniplex_forest_clump_diagonal,
          infiniplex_forest_end_3, infiniplex_forest_clump_curved,
          infiniplex_forest_lined_4_way, infiniplex_forest_clump_double,
          infiniplex_forest_lined_1, infiniplex_forest_clump_long,
          infiniplex_forest_corner_2, infiniplex_forest_lined_4_way,
          uniq_crazy_yiuf_cottage
D:3:      layout_rooms, grunt_temple_overflow_open,
          amethyst_overflow_temple_binary, uniq_sigmund
D:4:      kennysheep_big_flooded_room, layout_cave_pools, serial_shops,
          kennysheep_mini_moat, nicolae_shop_stone, shop, shop, first_ration,
          fedhas_bush_and_centaur_altar, uniq_edmund, uniq_blork_the_orc
D:5:      layout_loops_ring, marbit_many_paths, zin_treasury, temple_doors_e,
          minmay_misc_feat_rugged, nicolae_gozag_seed_capital, uniq_eustachio
D:6:      layout_basic, minmay_hollow_rounded_squares
D:7:      layout_gridville, serial_shops, shop
D:8:      layout_basic, lair_entry_dummy, blue_anna_alchemist
          [blue_anna_fruit_fields, blue_anna_fruit_fields]
D:9:      layout_loops_ring, orc_0_dummy, uniq_erolcha
D:10:     cheibrodos_statue_roulette, layout_basic, basic_altar,
          minmay_beelzebubs_servants
D:11:     layout_big_octagon, portal_ice_cave_entry_imps, serial_shops,
          kennysheep_mini
D:12:     layout_basic, uniq_josephine
D:13:     layout_basic, lightli_vaults_fourway_checkpoint, ebering_ghost_xom,
          uniq_jorgrun
D:14:     layout_basic, serial_park_avenue1, minmay_radiant
D:15:     grunt_enter_depths_magical_seal, layout_stronghold, serial_shops,
          nicolae_shop_window_shopping, serial_park_square1
          [serial_park_minivault_5x5_4], minivault_12
Temple:   nicolae_temple_figure_eight
Lair:1:   layout_chaotic_city, grunt_megastairs_4, serial_bayou_shore_b,
          uniq_joseph
Lair:2:   layout_regular_city, minmay_swamp_entry_eels, uniq_harold
Lair:3:   layout_gridlike, serial_bayou_shore_a, grunt_megastairs_5,
          infiniplex_staircase_pool
Lair:4:   layout_long_grid, minmay_snake_entry_guardpost_small
Lair:5:   layout_regular_city, grunt_forest_large_clearings, uniq_nessos,
          uniq_sonja
Lair:6:   hangedman_lair_caniforms_friends, layout_misc_corridors, wormcave,
          minmay_slime_entry_pillars
Swamp:1:  layout_basic_swamp, evilmike_swamp_ruin_house_3
Swamp:2:  layout_basic_swamp, evilmike_swamp_ruin_house_6
Swamp:3:  layout_basic_swamp, nicolae_swamp_feature_on_the_river_bank
Swamp:4:  byrel_swamp_growth_death_and_undeath, layout_basic_swamp
Snake:1:  gammafunk_the_bubble [the_bubble_gammafunk_plus_minus], layout_onion,
          serial_shops, shop_fountains, guppyfry_library_mini
Snake:2:  layout_chambers, uniq_vashnia, uniq_kirke
Snake:3:  layout_chambers, uniq_mara, uniq_nikola
Snake:4:  snake_pit, layout_cave_shapes, basic_altar, uniq_aizul
Slime:1:  cheibrodos_slime_lost_civilization_9, layout_caves, basic_altar
Slime:2:  layout_caves

Skill      XL: |  1  2  3  4  5  6  7  8  9 10 11 12 13 14 15 16 |
---------------+-------------------------------------------------+-----
Fighting       | 3 4 5 6 7 8 9 10 11 12 | 12.8
Axes           | 3 4 5 6 8 10 11 12 14 15 16 17 18 | 18.0
Armour         | 4 5 6 7 8 9 10 11 12 13 14 | 14.8
Shields        | 4 5 6 8 9 10 11 13 | 13.4
Invocations    | 1 4 6 8 10 11 12 14 15 | 15.0
Dodging        | 1 3 5 |  5.9

Action                   |  1- 3 |  4- 6 |  7- 9 | 10-12 | 13-15 | 16-18 || total
-------------------------+-------+-------+-------+-------+-------+-------++-------
Melee: War axe           |    46 |    72 |    55 |       |       |       ||   173
       Battleaxe         |       |       |   220 |   147 |       |       ||   367
       Broad axe         |       |       |       |   513 |  1716 |   600 ||  2829
       Hand axe          |       |       |       |    29 |       |       ||    29
       Peck              |       |       |       |       |   290 |   163 ||   453
       Headbutt          |       |       |       |       |       |    10 ||    10
Invok: Lesser Servant of |       |       |       |     3 |     2 |       ||     5
       Greater Servant o |       |       |       |       |     4 |     6 ||    10
 Abil: Heal Wounds       |     2 |     5 |    13 |     7 |    28 |    21 ||    76
Evoke: Wand              |       |       |       |     4 |     1 |       ||     5
  Use: Scroll            |       |       |     7 |    14 |     9 |     4 ||    34
       Potion            |       |       |       |     2 |     3 |     6 ||    11
 Stab: Paralysed         |       |       |       |     4 |       |       ||     4
       Distracted        |       |       |       |     3 |     1 |     5 ||     9
       Confused          |       |       |       |       |       |     1 ||     1
  Eat: Ration            |       |       |     3 |     1 |     4 |     1 ||     9
       Chunk             |       |       |     1 |    12 |     9 |     4 ||    26
Armor: Scale mail        |    23 |       |       |       |       |       ||    23
       Plate armour      |     3 |    60 |   205 |   708 |  1176 |   810 ||  2962
Dodge: Dodged            |    12 |     9 |    85 |   318 |   689 |   748 ||  1861
Block: Kite shield       |    32 |    44 |    39 |   417 |  1239 |   605 ||  2376

Table legend:
 A = Non-vault XP
 B = Vault XP
 C = Vault XP percentage of total XP
 D = Non-vault monster count
 E = Vault monster count
 F = Vault count percentage of total count
                 A         B        C        D         E       F
            +---------+---------+-------+---------+---------+-------
      Total |  126228 |   89555 |  41.5 |     463 |     278 |  37.5
            +---------+---------+-------+---------+---------+-------
        D:1 |       5 |       0 |   0.0 |       3 |       0 |   0.0
        D:2 |      16 |       0 |   0.0 |       3 |       0 |   0.0
        D:3 |      15 |       0 |   0.0 |       3 |       0 |   0.0
        D:4 |     381 |     500 |  56.8 |       8 |       4 |  33.3
        D:5 |     641 |     192 |  23.0 |      19 |       2 |   9.5
        D:6 |     609 |    1467 |  70.7 |      23 |      12 |  34.3
        D:7 |    1596 |       0 |   0.0 |      36 |       0 |   0.0
        D:8 |     585 |     103 |  15.0 |      12 |       1 |   7.7
        D:9 |    1102 |       0 |   0.0 |       7 |       0 |   0.0
       D:10 |    1940 |    3048 |  61.1 |      19 |       8 |  29.6
       D:11 |    2258 |     122 |   5.1 |      14 |      12 |  46.2
       D:12 |    2050 |    1954 |  48.8 |      15 |       5 |  25.0
       D:13 |    5879 |       0 |   0.0 |      12 |       0 |   0.0
       D:14 |    3569 |    4996 |  58.3 |      12 |       4 |  25.0
       D:15 |    6828 |   11850 |  63.4 |      21 |      22 |  51.2
     Lair:1 |    3890 |     603 |  13.4 |      21 |       2 |   8.7
     Lair:2 |    3854 |    1171 |  23.3 |      16 |       5 |  23.8
     Lair:3 |    1914 |     755 |  28.3 |      11 |       3 |  21.4
     Lair:4 |    2201 |     640 |  22.5 |      12 |       4 |  25.0
     Lair:5 |    4711 |    6074 |  56.3 |      18 |      34 |  65.4
     Lair:6 |    6355 |   17373 |  73.2 |      26 |      77 |  74.8
    Swamp:1 |    8977 |       0 |   0.0 |      15 |       0 |   0.0
    Swamp:2 |    5320 |       0 |   0.0 |      14 |       0 |   0.0
    Swamp:3 |    1275 |       0 |   0.0 |       3 |       0 |   0.0
    Swamp:4 |   10829 |   15154 |  58.3 |      24 |      34 |  58.6
    Snake:1 |   13010 |       0 |   0.0 |      30 |       0 |   0.0
    Snake:2 |   10354 |       0 |   0.0 |      20 |       0 |   0.0
    Snake:3 |    7952 |       0 |   0.0 |      12 |       0 |   0.0
    Snake:4 |   10620 |   20260 |  65.6 |      23 |      38 |  62.3
    Slime:1 |    6307 |       0 |   0.0 |       6 |       0 |   0.0
    Slime:2 |    1185 |       0 |   0.0 |       5 |       0 |   0.0
      IceCv |       0 |    3293 | 100.0 |       0 |      11 | 100.0
            +---------+---------+-------+---------+---------+-------
